 Dungeon Crawl Stone Soup version 0.29.1-13-g9f3cf754e1 (webtiles) character file.

Game seed: 10937835518775148218

68647 DemonSlayer the Thaumaturge (level 14, -11/98 HPs)
             Began as a Demonspawn Earth Elementalist on Jan 24, 2023.
             Was the Champion of Cheibriados.
             Killed from afar by an ogre mage (16 damage)
             ... with a bolt of magma
             ... while paralysed by an ogre mage
             ... on level 13 of the Dungeon.
             The game lasted 01:11:28 (25895 turns).

DemonSlayer the Thaumaturge (DsEE)                 Turns: 25895, Time: 01:11:28

Health: -11/98     AC:  8    Str: 27    XL:     14   Next: 87%
Magic:  0/40       EV:  2    Int: 32    God:    Cheibriados [******]
Gold:   1107       SH:  0    Dex: 33    Spells: 22/40 levels left

rFire   . . .      SeeInvis .   B - +2 demon blade (drain)
rCold   x . .      Faith    .   O - +1 kite shield of Zin's Generosity {+Inv rC- Dex+3}
rNeg    + + +      Spirit   +   H - +0 troll leather armour
rPois   ∞          Reflect  .   (helmet unavailable)
rElec   .          Harm     .   c - +0 cloak
rCorr   .          Rampage  .   S - +0 pair of gloves {infuse}
Will    +....                   a - +0 pair of boots
Stlth   +++.......              F - amulet of magic regeneration
HPRegen 1.06/turn               E - ring of magical power
MPRegen 0.94/turn               A - ring of poison resistance

@: paralysed, petrified, very slow
A: horns 3, ignite blood 1, magic shield, magic regeneration, magic link,
corrupting presence 1
a: Renounce Religion, Evoke Invisibility, Bend Time, Temporal Distortion,
Slouch, Step From Time


You were on level 13 of the Dungeon.
You worshipped Cheibriados.
Cheibriados was exalted by your worship.
You visited 4 branches of the dungeon, and saw 18 of its levels.
You also visited: Ossuary and Bailey.

You collected 2478 gold pieces.
You spent 1371 gold pieces at shops.

Inventory:

Hand Weapons
 B - a +2 demon blade of draining (weapon)
Missiles
 m - 7 boomerangs of dispersal
 o - 3 silver javelins
 C - 3 silver boomerangs
 R - a throwing net
Armour
 a - a +0 pair of boots (worn)
 c - a +0 cloak (worn)
 H - a +0 troll leather armour (worn)
 K - a +2 leather armour of fire resistance
 O - the +1 kite shield of Zin's Generosity (worn) {+Inv rC- Dex+3}
   (You bought it in a shop on level 5 of the Dungeon)

   Dex:       It affects your dexterity (+3).
   rC:        It makes you vulnerable to cold.
   +Inv:      It lets you turn invisible.
 S - a +0 pair of gloves of infusion (worn)
Jewellery
 w - a ring of protection from cold
 z - the ring "Fuablis" {rElec Dex+6}
   (You found it on level 13 of the Dungeon)

   [ring of dexterity]

   Dex:       It affects your dexterity (+6).
   rElec:     It insulates you from electricity.
 A - a ring of poison resistance (right hand)
 D - a ring of protection from fire
 E - a ring of magical power (left hand)
 F - an amulet of magic regeneration (around neck)
 M - a ring of see invisible
Wands
 t - a wand of roots (33)
 x - a wand of flame (44)
 y - a wand of digging (4)
 J - a wand of polymorph (12)
 Q - a wand of mindburst (25)
 T - a wand of charming (3)
Scrolls
 d - 9 scrolls of vulnerability
 f - 4 scrolls of butterflies
 n - 6 scrolls of immolation
 u - 7 scrolls of teleportation
 v - 3 scrolls of amnesia
 N - 2 scrolls of identify
 U - a scroll of blinking
Potions
 b - 4 potions of magic
 e - 2 potions of attraction
 g - 7 potions of mutation
 h - 11 potions of curing
 i - 2 potions of invisibility
 j - a potion of cancellation
 k - 4 potions of flight
 p - 3 potions of might
 q - a potion of heal wounds
 r - a potion of resistance
 s - 8 potions of brilliance
 I - a potion of lignification
Miscellaneous
 l - a box of beasts
 V - a phial of floods


   Skills:
 + Level 5.4 Fighting
 + Level 0.1(2.4) Short Blades
 + Level 4.0 Long Blades
 + Level 0.3 Throwing
 + Level 4.8 Armour
 + Level 6.3 Dodging
 + Level 3.7 Stealth
 + Level 5.5 Shields
 + Level 13.8 Spellcasting
 + Level 11.6 Conjurations
 + Level 0.4 Hexes
 + Level 0.4 Summonings
 + Level 1.0 Transmutations
 + Level 12.7 Earth Magic
 + Level 1.2 Evocations


You had 22 spell levels left.
You knew the following spells:

 Your Spells              Type           Power      Damage    Failure   Level
a - Sandblast             Erth           100%       2d20      1%          1
b - Stone Arrow           Conj/Erth      100%       3d13      1%          3
c - Summon Guardian Gole  Hex/Summ       24%        N/A       16%         3
d - Petrify               Tmut/Erth      60%        N/A       3%          4
e - Leda's Liquefaction   Hex/Erth       29%        N/A       4%          4
f - Tukima's Dance        Hex            25%        N/A       16%         3

Your spell library contained the following spells:

 Spells                   Type           Power      Damage    Failure   Level
 Foxfire                  Conj/Fire      100%       2x1d9     1%          1
 Shock                    Conj/Air       100%       1d9       1%          1
 Passwall                 Tmut/Erth      50%        N/A       1%          2
 Conjure Flame            Conj/Fire      56%        6-21      1%          3
 Summon Small Mammal      Summ           96%        N/A       5%          1
 Wereblood                Tmut           28%        N/A       6%          2
 Flame Wave               Conj/Fire      56%        2d13      6%          4
 Scorch                   Fire           44%        2d7       10%         2
 Sublimation of Blood     Necr           22%        N/A       10%         2
 Irradiate                Conj/Tmut      29%        3d21      13%         5
 Call Canine Familiar     Summ           24%        N/A       16%         3
 Inner Flame              Hex/Fire       23%        N/A       17%         3
 Portal Projectile        Hex/Tloc       46%        N/A       17%         3
 Swiftness                Air            22%        N/A       19%         3
 Freezing Cloud           Conj/Ice/Air   23%        6-21      34%         5
 Airstrike                Air            11%        2d(2-18)  54%         4
 Passage of Golubria      Tloc           22%        N/A       54%         4
 Blade Hands              Tmut           14%        N/A       75%         5
 Yara's Violent Unravell  Hex/Tmut       13%        3d7       78%         5
 Simulacrum               Ice/Necr       11%        N/A       100%        6
 Summon Cactus Giant      Summ           12%        N/A       100%        6
 Dragon Form              Tmut           14%        N/A       100%        7
 Summon Hydra             Summ           12%        N/A       100%        7
 Polar Vortex             Ice            11%        N/A       100%        9


Dungeon Overview and Level Annotations

Branches:
Dungeon (13/15)            Temple (1/1) D:7            Lair (2/5) D:9
 Shoals (0/4) Lair:2          Orc (2/2) D:11            Elf (0/3) Orc:2
 Vaults (0/5) D:13        Ossuary (visited)          Bailey (visited)
  Snake: Lair:2-3    Spider: Lair:2-3

Altars:
Ashenzari
Cheibriados
Dithmenos
Fedhas
Gozag
Hepliaklqana
Kikubaaqudgha
Makhleb
Nemelex Xobeh
Okawaru
Qazlal
Ru
Sif Muna
Trog
Uskayaw
Vehumet
Wu Jian
Xom
Yredelemnul

Shops:
D:5 [![   D:6 [   D:9 *   D:10 *   Orc:2 ==::(*?*

Portals:
Trove: D:12 (give pearl dragon scales "Guirookh")

Annotations:
D:11 exclusion: orange crystal statue


Innate Abilities, Weirdness & Mutations

You have a pair of large horns on your head.
Your demonic aura sometimes causes spilled blood to erupt in flames.
When hurt, damage is shared between your health and your magic reserves.
You regenerate magic rapidly.
When low on magic, you restore magic in place of health.
Your presence sometimes corrodes those you injure.


Message History

The stone arrow hits the catoblepas!
Your corrupting presence corrodes the catoblepas!
The catoblepas is almost dead.
You are engulfed in calcifying dust.
You are slowing down.
The ogre mage hits you with a +0 flail. The catoblepas gores you!
You are too injured to fight recklessly!
You are too injured to fight recklessly!
You are too injured to fight recklessly!
Unknown command.
You slice the catoblepas!!
You kill the catoblepas!
Cheibriados thoroughly appreciates the change of pace.
You are engulfed in calcifying dust.
Your limbs have turned to stone.
The ogre mage barely misses you.
You have turned to stone.
You are engulfed in calcifying dust.
The ogre mage hits you with a +0 flail.
You are engulfed in calcifying dust.
The ogre mage hits you with a +0 flail!
You are engulfed in calcifying dust. x2
The ogre mage casts a spell at you.
You suddenly lose the ability to move!
A troll comes into view.
The vault guard is no longer covered in acid.
The ogre mage gestures at you while chanting.
The bolt of magma hits you!!
The vault guard hits you with a +0 great mace!
You hear a shout!
The vault guard hits you with a +0 great mace!!
* * * LOW HITPOINT WARNING * * *
The ogre mage hits you with a +0 flail.
* * * LOW HITPOINT WARNING * * *
The vault guard hits you with a +0 great mace!!
* * * LOW HITPOINT WARNING * * *
The ogre mage casts a spell at you. The bolt of magma hits you!!
* * * LOW HITPOINT WARNING * * *
The vault guard hits you with a +0 great mace!
* * * LOW HITPOINT WARNING * * *
The ogre mage casts a spell at you. The bolt of magma hits you!!!
You die...

#..# ∩# #..# ##.#
#####..######### #.#.#
#............... ##.#.#
########...##### #.#.#.# #...#
#.#.#(# #...# #.#.#p## #...#####
#.#.#@# ####........ #☼#O##
............. #E#.# .............
#.#.## ######....... #.#.#.##
#.......
#################.########.......
........<...............)))).....
.................................
###†.............................


You could see a vault guard, an ogre mage and a fire elemental (summoned).

Vanquished Creatures
  7 hydras
  5 boulder beetles
  5 centaur warriors (D:13)
  2 catoblepae
  3 two-headed ogres
  6 death yaks (Lair:2)
  A deep troll earth mage (D:13)
  4 orc high priests (Orc:2)
  A skeletal warrior (D:13)
  2 orc knights
  3 cyclopes
  2 ugly things
  An orc sorcerer (Orc:2)
  2 manticores
  10 elephants (Lair:2)
  5 black mambas
  8 cane toads
  Psyche (D:11)
  A gargoyle (D:7)
  An unseen horror (D:11)
  A cane toad (shapeshifter) (D:13)
  2 kobold demonologists (D:11)
  4 rime drakes
  A rime drake (shapeshifter) (D:13)
  8 komodo dragons
  2 polar bears
  7 trolls
  6 slime creatures (D:13)
  10 blink frogs (Lair:2)
  3 shadows
  6 wraiths
  2 vampires
  3 wyverns (Lair:2)
  27 yaks
  4 basilisks (Lair:2)
  8 vampire mosquitoes (D:11)
  4 wargs
  2 acid dragons
  7 water moccasins
  A nameless horror (Bailey)
  A sky beast (D:7)
  10 black bears
  21 orc warriors
  4 ice beasts
  4 ogres
  10 centaurs
  An elf zombie (Ossuary)
  A phantom (D:4)
  6 gnoll sergeants
  5 kobold brigands
  9 bullfrogs
  3 scorpions
  29 wights
  2 howler monkeys (D:10)
  2 jellies (D:4)
  4 hounds
  26 orc priests
  Crazy Yiuf (D:3)
  Jessica (D:3)
  Ijyb (D:3)
  5 iguanas
  Natasha (thrice) (D:2)
  26 orc wizards
  3 mummies (Ossuary)
  14 gnolls
  8 adders
  5 shadow imps (D:7)
  3 white imps
  An ufetubus (D:7)
  4 adder zombies (Ossuary)
  2 worms (D:2)
  2 dart slugs
  101 orcs
  9 endoplasms
  4 giant cockroaches
  8 goblins
  5 hobgoblins
  3 quokkas
  4 ball pythons
  5 bats
  3 frilled lizards
  2 goblin zombies (Ossuary)
  3 hobgoblin zombies (Ossuary)
  18 kobolds
  2 kobold zombies (Ossuary)
  An orc zombie (Ossuary)
  2 quokka zombies (Ossuary)
  4 rats
  3 rat zombies (Ossuary)
572 creatures vanquished.

Vanquished Creatures (others)
  A cyclops (D:7)
  3 demonic plants (D:7)
  8 fungi (Lair:2)
  19 plants
31 creatures vanquished.

Grand Total: 603 creatures vanquished

Notes
Turn   | Place    | Note
-------+----------+-------------------------------------------
     0 | D:1      | DemonSlayer the Demonspawn Earth Elementalist began the
                  | quest for the Orb.
     0 | D:1      | Reached XP level 1. HP: 13/13 MP: 3/3
    83 | D:1      | Reached skill level 1 in Transmutations
   139 | D:1      | Found a faded altar of an unknown god.
   214 | D:1      | Gained mutation: You regenerate magic rapidly. [demonic
                  | ancestry]
   214 | D:1      | Reached XP level 2. HP: 19/19 MP: 0/5
   999 | D:2      | Gained mutation: You have a pair of small horns on your
                  | head. [demonic ancestry]
   999 | D:2      | Reached XP level 3. HP: 18/24 MP: 2/7
  1343 | D:2      | Noticed Natasha
  1349 | D:2      | Killed Natasha
  1350 | D:2      | Reached skill level 3 in Spellcasting
  1418 | D:2      | Gained mutation: When hurt, damage is shared between your
                  | health and your magic reserves. [demonic ancestry]
  1418 | D:2      | Reached XP level 4. HP: 30/30 MP: 5/8
  1980 | D:2      | Noticed Natasha
  1984 | D:2      | Killed Natasha
  1989 | D:2      | Learned a level 3 spell: Stone Arrow
  1993 | D:2      | Learned a level 3 spell: Summon Guardian Golem
  2682 | D:2      | Noticed Natasha
  2688 | D:2      | Killed Natasha
  2689 | D:2      | Gained mutation: You have a pair of horns on your head.
                  | [demonic ancestry]
  2689 | D:2      | Reached XP level 5. HP: 33/35 MP: 6/10
  2714 | D:2      | Learned a level 4 spell: Petrify
  2928 | D:3      | Noticed Ijyb
  2943 | D:3      | Killed Ijyb
  2944 | D:3      | Reached skill level 4 in Spellcasting
  3773 | D:3      | Reached XP level 6. HP: 42/42 MP: 1/12
  4786 | D:3      | Noticed Jessica
  4788 | D:3      | Killed Jessica
  4984 | D:3      | Found a runed translucent door.
  4985 | D:3      | Noticed Crazy Yiuf
  5236 | D:3      | Killed Crazy Yiuf
  5512 | D:4      | Reached skill level 5 in Spellcasting
  5679 | D:4      | Reached XP level 7. HP: 47/47 MP: 12/14
  5694 | D:4      | Reached skill level 5 in Earth Magic
  6573 | D:4      | Reached skill level 6 in Spellcasting
  7006 | D:5      | Entered Level 5 of the Dungeon
  7058 | D:5      | Gained mutation: You have a pair of large horns on your
                  | head. [demonic ancestry]
  7058 | D:5      | Reached XP level 8. HP: 51/53 MP: 7/17
  7121 | D:5      | Found Fitah's Antique Armour Shoppe.
  7126 | D:5      | Bought a runed robe for 96 gold pieces
  7230 | D:5      | Reached skill level 1 in Fighting
  7230 | D:5      | Reached skill level 1 in Conjurations
  7342 | D:5      | Found Guopn's Armour Shop.
  7751 | D:5      | Found Boisseog's Distillery.
  7757 | D:5      | Bought a potion of curing for 42 gold pieces
  7983 | D:6      | Reached skill level 7 in Spellcasting
  8470 | D:6      | Gained mutation: When low on magic, you restore magic in
                  | place of health. [demonic ancestry]
  8470 | D:6      | Reached XP level 9. HP: 57/61 MP: 8/19
  8624 | D:6      | Found Rammanu's Dragon-Slaying Spoils.
  9044 | D:7      | Found a sand-covered staircase.
  9128 | Ossuary  | Entered an ossuary
  9396 | D:7      | Noticed a cyclops
  9405 | D:7      | Noticed a seven-headed hydra
  9435 | D:7      | Killed a cyclops
  9436 | D:7      | Reached skill level 8 in Spellcasting
 10660 | D:9      | Noticed a manticore
 10665 | D:9      | Killed a manticore
 10666 | D:9      | Gained mutation: Your presence sometimes corrodes those you
                  | injure. [demonic ancestry]
 10666 | D:9      | Reached XP level 10. HP: 52/68 MP: 17/22
 11220 | D:9      | Found a flagged portal.
 11226 | D:9      | Reached skill level 5 in Conjurations
 11230 | D:9      | Reached skill level 9 in Spellcasting
 11248 | Bailey   | Entered a bailey
 12398 | D:9      | Found Sesuipn's CLEARANCE SALE!.
 12418 | D:10     | Entered Level 10 of the Dungeon
 12956 | D:9      | Bought 2 potions of curing for 30 gold pieces
 12956 | D:9      | Bought a scroll of teleportation for 15 gold pieces
 13125 | D:9      | Found a stormy altar of Qazlal.
 13126 | D:9      | Found an ornate altar of the Wu Jian Council.
 13209 | D:10     | Found Adeopnuo's General Store.
 13787 | D:10     | Bought a potion of heal wounds for 75 gold pieces
 13798 | D:10     | Identified a scroll of acquirement
 13798 | D:10     | Acquired 1007 gold pieces
 14221 | D:5      | Bought a troll leather armour for 390 gold pieces
 14221 | D:5      | Bought a dazzling kite shield for 247 gold pieces
 14221 | D:5      | Identified the +1 kite shield of Zin's Generosity {+Inv rC-
                  | Dex+3} (You bought it in a shop on level 5 of the Dungeon)
 14299 | D:7      | Noticed a manticore
 14305 | D:7      | Killed a manticore
 14306 | D:7      | Reached skill level 10 in Spellcasting
 14368 | D:7      | Found a staircase to the Ecumenical Temple.
 14405 | Temple   | Entered the Ecumenical Temple
 14500 | Temple   | Became a worshipper of Cheibriados the Contemplative
 14572 | D:7      | Found a runed translucent door.
 14693 | D:7      | Reached XP level 11. HP: 75/75 MP: 25/25
 14913 | D:7      | Reached skill level 1 in Shields
 15020 | D:7      | Killed a seven-headed hydra
 15021 | D:7      | Reached skill level 1 in Armour
 15117 | D:7      | Reached * piety under Cheibriados
 15329 | D:5      | Bought a potion of curing for 42 gold pieces
 15329 | D:5      | Bought a potion of heal wounds for 70 gold pieces
 15329 | D:5      | Bought a potion of mutation for 112 gold pieces
 15329 | D:5      | Bought a potion of resistance for 140 gold pieces
 15329 | D:5      | Bought a potion of invisibility for 112 gold pieces
 15529 | D:9      | Reached ** piety under Cheibriados
 15548 | D:9      | Found a staircase to the Lair.
 15824 | D:9      | Reached XP level 12. HP: 84/84 MP: 26/26
 15845 | Lair:1   | Entered Level 1 of the Lair of Beasts
 15934 | Lair:1   | Reached skill level 10 in Earth Magic
 16019 | Lair:1   | Noticed a boulder beetle
 16065 | Lair:1   | Killed a boulder beetle
 16066 | Lair:1   | Reached skill level 11 in Spellcasting
 16066 | Lair:1   | Reached skill level 1 in Evocations
 16277 | Lair:1   | Noticed a seven-headed hydra
 16280 | Lair:1   | Killed a seven-headed hydra
 16595 | Lair:1   | Learned a level 4 spell: Leda's Liquefaction
 16599 | Lair:1   | Learned a level 3 spell: Tukima's Dance
 16713 | Lair:2   | Reached *** piety under Cheibriados
 16727 | Lair:2   | Reached skill level 5 in Dodging
 16987 | Lair:2   | Reached XP level 13. HP: 70/90 MP: 16/28
 17253 | Lair:2   | Reached **** piety under Cheibriados
 17272 | Lair:2   | Reached skill level 12 in Spellcasting
 17456 | Lair:2   | Found a staircase to the Shoals.
 18220 | Lair:2   | Reached skill level 5 in Fighting
 18405 | D:10     | Reached ***** piety under Cheibriados
 19243 | D:11     | Reached skill level 10 in Conjurations
 20032 | D:11     | Noticed Psyche
 20034 | D:11     | Killed Psyche
 20041 | D:11     | Gained mutation: Your demonic aura sometimes causes spilled
                  | blood to erupt in flames. [demonic ancestry]
 20041 | D:11     | Reached XP level 14. HP: 93/98 MP: 23/30
 20702 | D:11     | Found a staircase to the Orcish Mines.
 20724 | D:11     | Reached skill level 5 in Shields
 20808 | D:11     | Found the +14 obsidian axe {vorpal, Mesm Drain Fly SInv}
 20937 | D:12     | Reached ****** piety under Cheibriados
 21264 | D:12     | Reached skill level 13 in Spellcasting
 21825 | D:12     | Found a portal to a secret trove of treasure.
 22976 | Orc:1    | Entered Level 1 of the Orcish Mines
 23225 | Orc:2    | Entered Level 2 of the Orcish Mines
 23364 | Orc:2    | Found Xamelil's Magic Scroll Boutique.
 23734 | Orc:2    | Found Dasodac's Assorted Antiques.
 23817 | Orc:2    | Found Menk's Assorted Antiques.
 23910 | Orc:2    | Found Zasi Ryg's Jewellery Shoppe.
 23938 | Orc:2    | Found a staircase to the Elven Halls.
 24026 | Orc:2    | Found Zurubb's Jewellery Emporium.
 24026 | Orc:2    | Found Pamm's Book Shoppe.
 24027 | Orc:2    | Found Jalonyn's Weapon Shoppe.
 24031 | Orc:2    | Found Buihoap's Book Emporium.
 24447 | Orc:1    | Found a burning altar of Makhleb.
 25552 | D:13     | Identified the ring "Fuablis" {rElec Dex+6}
 25875 | D:13     | Found a gate to the Vaults.
 25891 | D:13     | Paralysed by an ogre mage for 5 turns
 25895 | D:13     | Killed from afar by an ogre mage

Illustrated notes

Levels and vault maps discovered:
D:1:      minmay_arrival_three_doors, layout_loops_ring, basic_ecumenical_altar
D:2:      layout_basic, uniq_natasha
D:3:      layout_loops_ring, serial_bayou_pond_a, uniq_jessica, uniq_ijyb,
          uniq_crazy_yiuf_cottage
D:4:      layout_cave_pools, serial_co_window_serial, co_window_paths_b,
          co_window_paths_a, co_window_corner_a, co_window_of_opportunity_a,
          co_window_paths_b, co_window_of_opportunity_a, co_window_broadway_b,
          co_window_broadway_c, co_window_2corner, co_window_2corner,
          co_window_corner_ca, glass_columns_c, minmay_surrounded
D:5:      layout_basic, serial_shops, shop, shop_statue, nicolae_shop_stone,
          hangedman_abyss_or_decor_stagger
D:6:      layout_cave_pools, nicolae_shop_dragon_depot
D:7:      minmay_the_grid_triangle_9x9_recursive_2
          [minmay_the_grid_triangle_9x9_prize_top_heavy,
          minmay_the_grid_triangle_9x9_descending_squares,
          minmay_the_grid_triangle_9x9_stretched_checkered,
          minmay_the_grid_triangle_9x9_skeleton], layout_rooms,
          minmay_temple_entry_drinking_statues, chequers_ossuary_entry_cave,
          serial_demonic, serial_demonic_c, serial_demonic_b, serial_demonic_e,
          serial_demonic_a, lightli_church_of_beogh
D:8:      layout_basic, mainiacjoe_overflow_tiny_flanked
D:9:      layout_cave_pools, grunt_temple_overflow_open,
          erik_lair_orcish_takeover, enter_bailey_2, nicolae_shop_clearance
D:10:     layout_irregular_city, serial_shops, shop
D:11:     layout_gridville, kennysheep_orc_monster_closet_entryway,
          dreamdust_deal_with_the_devil, minmay_statue_bubble, uniq_psyche
D:12:     layout_stronghold, nicolae_trove_entry_crystal
D:13:     kennysheep_scales, layout_long_grid, david_vaults_5
Temple:   nicolae_temple_bog_church
Lair:1:   layout_loops_ring, serial_bayou_shore_a
Lair:2:   nzn_winding_woodlands_large [nzn_winding_woodlands_5x5_perimeter,
          nzn_winding_woodlands_5x15_pockets, nzn_winding_woodlands_hourglass,
          nzn_winding_woodlands_center_pierced_h,
          nzn_winding_woodlands_15x15_killbox,
          nzn_winding_woodlands_center_garden,
          nzn_winding_woodlands_5x5_open_star,
          nzn_winding_woodlands_5x15_sidewinder,
          nzn_winding_woodlands_5x5_cross], layout_loops_ring,
          shoals_dummy_entry
Orc:1:    layout_caves, bloody_makhleb
Orc:2:    st_orc_mages, layout_caves, serial_shops, shop, shop, shop_fountains,
          nicolae_diamond_shop, nicolae_orc_damp_corner

Skill      XL: |  1  2  3  4  5  6  7  8  9 10 11 12 13 14 |
---------------+-------------------------------------------+-----
Transmutations | 1 |  1.0
Earth Magic    | 3 4 6 7 8 9 10 12 | 12.7
Spellcasting   | 3 4 5 6 7 8 10 11 12 13 | 13.8
Stealth        | 2 3 |  3.7
Dodging        | 2 3 4 5 6 |  6.3
Fighting       | 2 3 4 5 |  5.4
Conjurations   | 2 4 6 7 8 10 11 | 11.6
Shields        | 3 4 5 |  5.5
Armour         | 3 4 |  4.8
Long Blades    | 3 4 |  4.0
Evocations     | 1 |  1.2
Short Blades   | |  0.1
Throwing       | |  0.3
Hexes          | |  0.4
Summonings     | |  0.4

Action                   |  1- 3 |  4- 6 |  7- 9 | 10-12 | 13-15 || total
-------------------------+-------+-------+-------+-------+-------++-------
Melee: Unarmed           |     2 |       |       |       |       ||     2
       Dagger            |     9 |    12 |       |       |       ||    21
       Headbutt          |     1 |       |     8 |    10 |    15 ||    34
       Falchion          |       |       |    38 |       |       ||    38
       Demon blade       |       |       |       |    43 |    62 ||   105
Throw: Throwing net      |       |       |     1 |       |       ||     1
       Javelin           |       |       |       |     2 |       ||     2
 Cast: Sandblast         |    45 |    78 |    58 |       |       ||   181
       Stone Arrow       |       |     9 |   160 |   322 |   580 ||  1071
       Summon Guardian G |       |       |     2 |     1 |       ||     3
Evoke: Wand              |       |       |     3 |    11 |     1 ||    15
  Use: Scroll            |       |     6 |     2 |    18 |     9 ||    35
       Potion            |       |     1 |       |     4 |    14 ||    19
 Stab: Sleeping          |     2 |       |       |       |       ||     2
       Invisible         |       |       |       |       |     1 ||     1
Armor: Robe              |     6 |    11 |    31 |    11 |       ||    59
       Troll leather arm |       |       |       |    28 |    65 ||    93
Dodge: Dodged            |    20 |    35 |    79 |   112 |   239 ||   485
Block: Kite shield       |       |       |       |    89 |   284 ||   373
